 Dungeon Crawl Stone Soup version 0.22.1-1-ga44c0e56f4 (webtiles) character file.

5952 hofbold the Skirmisher (level 10, -57/55 HPs)
             Began as a Vine Stalker Berserker on Oct 6, 2018.
             Was a High Priest of Trog.
             Annihilated by an enormous slime creature (63 damage)
             ... on level 9 of the Dungeon.
             The game lasted 00:20:25 (7659 turns).

hofbold the Skirmisher (Vine Stalker Berserker)     Turns: 7659, Time: 00:20:25

Health: -57/55     AC: 16    Str: 22    XL:     10   Next: 84%
Magic:  0/22       EV: 13    Int:  9    God:    Trog [*****.]
Gold:   142        SH:  0    Dex: 15    Spells: 9/9 levels left

rFire    x . .     SeeInvis .   a - +0 great sword "Ropoug" {flame, *Corrode MP+9 Int+2}
rCold    + . .     Gourm    .   (shield currently unavailable)
rNeg     + . .     Faith    .   z - +3 scale mail of Mysticism {+Inv rElec rF- rN+}
rPois    .         Spirit   +   i - +2 hat
rElec    +         Reflect  .   (no cloak)
rCorr    .         Harm     .   p - +0 pair of gloves
MR       +....                  k - +1 pair of boots
Stlth    ++........             C - amulet of regeneration
HPRegen  0.98/turn              e - ring of protection from cold
MPRegen  0.18/turn              g - +5 ring of protection

@: corroded, berserk cooldown, slowed, very slow
A: fangs 3, regeneration 1, magic shield, antimagic bite, no potion heal 3, rot
immunity
a: Berserk, Trog's Hand, Brothers in Arms, Renounce Religion, Evoke Invisibility


You were on level 9 of the Dungeon.
You worshipped Trog.
Trog was extremely pleased with you.
You were hungry.

You visited 2 branches of the dungeon, and saw 10 of its levels.

You collected 452 gold pieces.
You spent 310 gold pieces at shops.

Inventory:

Hand Weapons
 a - the +0 great sword "Ropoug" (weapon) {flame, *Corrode MP+9 Int+2}
   (You bought it in a shop on level 6 of the Dungeon)

   It has been specially enchanted to burn those struck by it, causing extra
   injury to most foes and up to half again as much damage against particularly
   susceptible opponents.
   Big, fiery blades are also staple armaments of hydra-hunters.
   It affects your intelligence (+2).
   It affects your magic capacity (+9).
   It may corrode you when you take damage.
 v - a +2 long sword of protection
Missiles
 b - 8 poisoned tomahawks (quivered)
 f - 273 stones
 r - 7 javelins
 D - 7 tomahawks
Armour
 i - a +2 hat (worn)
 k - a +1 pair of boots (worn)
 l - a +0 buckler of cold resistance
 p - a +0 pair of gloves (worn)
 w - a +0 shield
 z - the +3 scale mail of Mysticism (worn) {+Inv rElec rF- rN+}
   (You took it off Edmund on level 6 of the Dungeon)

   It makes you vulnerable to fire.
   It insulates you from electricity.
   It protects you from negative energy.
   It lets you turn invisible.
Jewellery
 e - a ring of protection from cold (left hand)
 g - a +5 ring of protection (right hand)
 q - an uncursed ring of flight
 C - an amulet of regeneration (around neck)
Wands
 t - a wand of acid (16)
 E - a wand of polymorph (10)
Scrolls
 d - a scroll of fear
 o - 4 scrolls of teleportation
 u - 2 scrolls of blinking
 y - 2 scrolls of identify
 B - a scroll of remove curse
Potions
 h - 6 potions of curing
 j - a potion of heal wounds {unknown}
 m - 2 potions of agility {unknown}
 n - 2 potions of might {unknown}
 s - a potion of resistance {unknown}
 x - 3 potions of brilliance {unknown}
 F - a potion of berserk rage {unknown}
Comestibles
 c - 14 rations
 A - 3 chunks of flesh


   Skills:
 * Level 7.6 Fighting
 + Level 5.7 Long Blades
 + Level 4.8 Throwing
 + Level 4.7 Armour
 + Level 4.8 Dodging
 + Level 7.0 Stealth
 + Level 4.5 Shields
 + Level 3.4 Evocations


You had 9 spell levels left.
You didn't know any spells.
Your spell library was empty.

Dungeon Overview and Level Annotations

Branches:
Dungeon (9/15)             Temple (1/1) D:4
   Lair: D:8-11         Orc: D:9-12

Altars:
Ashenzari
Dithmenos
Elyvilon
Hepliaklqana
Kikubaaqudgha
Makhleb
Okawaru
Sif Muna
Trog
The Shining One

Shops:
D:6 (


Innate Abilities, Weirdness & Mutations

You have razor-sharp teeth.
Your natural rate of healing is unusually fast.
When hurt, damage is shared between your health and your magic reserves.
Your bite disrupts and absorbs the magic of your enemies.
Potions cannot restore your health.
You are immune to rotting.


Message History

You slice the enormous slime creature!! You burn the enormous slime creature.
The enormous slime creature is almost dead.
The enormous slime creature hits you!
* * * LOW HITPOINT WARNING * * *
The slime creature hits you!
* * * LOW HITPOINT WARNING * * *
Unknown command.
You are too berserk!
You feel a strong urge to attack something.
You are no longer berserk.
You are exhausted.
You feel yourself slow down.
Evoke which item? (* to show all) (? for menu, Esc to quit)
Aiming: Corrosive Bolt
Press: ? - help, Shift-Dir - straight line, f - enormous slime creature
Aim: an enormous slime creature (almost dead)
The bolt of acid misses the enormous slime creature.
The enormous slime creature hits you!!!
Ouch! That really hurt!
You die...

..... ..... #####
########### ...
#.........#######
........#.........'.....#
........#.........#J....#
........#.....##..#.....+
........'.....##JJ#.....#
##......#.....##@.#.....#
.#......#.........#.....#
.#......#.........#.....#
.#####'##.........#.....#
..................#
...).##.............
.....##...#########.
..........# ..........#


You could see an enormous slime creature and a slime creature.

Vanquished Creatures
  An ugly thing (D:9)
  Maurice (D:9)
  The ghost of bananovenc the Chopper, an amateur DrBe of Trog (D:4)
  A hippogriff (D:7)
  5 yaks (D:7)
  A human (D:7)
  2 wyverns
  3 hogs (D:7)
  A hungry ghost (D:7)
  Menkaure (D:5)
  Edmund (D:6)
  A water moccasin (D:6)
  2 orc warriors
  3 sky beasts
  2 phantoms
  An ogre (D:8)
  2 centaurs (D:8)
  3 bullfrogs
  A wyvern skeleton (D:9)
  2 scorpions
  6 killer bees (D:7)
  5 wights (D:6)
  2 howler monkeys
  2 crimson imps
  2 bullfrog zombies
  3 bullfrog skeletons
  4 jellies
  3 orc priests
  A centaur skeleton (D:7)
  3 orc wizards
  6 worker ants
  2 iguanas (D:8)
  A hound zombie (D:5)
  A hound skeleton (D:6)
  A worker ant zombie (D:5)
  15 adders
  A howler monkey skeleton (D:7)
  A shadow imp (D:6)
  An adder zombie (D:5)
  An adder skeleton (D:6)
  5 worms
  5 dart slugs
  11 leopard geckos
  16 orcs
  2 giant cockroaches
  7 goblins
  9 hobgoblins
  10 jackals
  4 quokkas
  2 ball pythons (D:3)
  12 bats
  3 frilled lizards
  A goblin skeleton (D:5)
  3 goblin zombies (D:5)
  A hobgoblin zombie (D:5)
  A jackal zombie (D:5)
  9 kobolds
  A kobold skeleton (D:5)
  2 kobold zombies (D:5)
  A leopard gecko zombie (D:5)
  An orc skeleton (D:5)
  8 rats
210 creatures vanquished.

Notes
Turn   | Place    | Note
-------+----------+-------------------------------------------
     0 | D:1      | hofbold the Vine Stalker Berserker began the quest for the
                  | Orb.
     0 | D:1      | Reached XP level 1. HP: 11/11 MP: 2/2
   187 | D:1      | Reached XP level 2. HP: 16/16 MP: 3/3
   290 | D:1      | Reached skill level 1 in Stealth
   543 | D:1      | Reached ** piety under Trog
   554 | D:1      | Reached XP level 3. HP: 16/19 MP: 4/4
   972 | D:2      | Found an iron altar of Okawaru.
   982 | D:2      | Reached skill level 1 in Throwing
  1519 | D:3      | Gained mutation: Your natural rate of healing is unusually
                  | fast. [Vine Stalker growth]
  1519 | D:3      | Reached XP level 4. HP: 23/24 MP: 5/5
  1727 | D:3      | Found a hazy altar of Hepliaklqana.
  1746 | D:3      | Reached *** piety under Trog
  1780 | D:3      | Reached XP level 5. HP: 28/28 MP: 6/6
  2106 | D:4      | Found a runed door.
  2109 | D:4      | Noticed bananovenc's ghost (amateur DrBe)
  2182 | D:4      | Killed bananovenc's ghost
  2182 | D:4      | Received a gift from Trog
  2182 | D:4      | Reached skill level 1 in Shields
  2182 | D:4      | Reached XP level 6. HP: 33/33 MP: 7/7
  2676 | D:5      | Entered Level 5 of the Dungeon
  2776 | D:4      | Found a staircase to the Ecumenical Temple.
  3192 | Temple   | Entered the Ecumenical Temple
  3250 | D:5      | Reached XP level 7. HP: 37/37 MP: 8/8
  3443 | D:5      | Found a glowing golden altar of the Shining One.
  3668 | D:5      | Noticed Menkaure
  3680 | D:5      | Killed Menkaure
  3680 | D:5      | Gained mutation: You have razor-sharp teeth. [Vine Stalker
                  | growth]
  3680 | D:5      | Reached XP level 8. HP: 42/42 MP: 9/9
  3941 | D:5      | Reached skill level 5 in Fighting
  4009 | D:6      | Noticed Edmund
  4050 | D:6      | Killed Edmund
  4062 | D:6      | Got an ichor-stained scale mail
  4065 | D:6      | Identified the +3 scale mail of Mysticism {+Inv rElec rF-
                  | rN+} (You took it off Edmund on level 6 of the Dungeon)
  4290 | D:5      | Found a deep blue altar of Sif Muna.
  4366 | D:5      | Reached **** piety under Trog
  4367 | D:5      | Identified Sif Muna's Collected Works on Heat
  4863 | D:6      | Reached skill level 1 in Evocations
  4932 | D:6      | Reached XP level 9. HP: 48/48 MP: 10/10
  5040 | D:6      | Noticed a moth of wrath
  5045 | D:6      | Reached skill level 5 in Stealth
  5046 | D:6      | Found a bloodstained altar of Trog.
  5151 | D:6      | Found Aniaca's Antique Weapon Boutique.
  5228 | D:6      | Bought a jewelled great sword for 310 gold pieces
  5235 | D:6      | Identified the cursed +0 great sword "Ropoug" {flame,
                  | *Corrode MP+9 Int+2} (You bought it in a shop on level 6 of
                  | the Dungeon)
  5455 | D:6      | Found a shattered altar of Ashenzari.
  5894 | D:7      | Reached skill level 5 in Long Blades
  6058 | D:7      | Reached XP level 10. HP: 40/53 MP: 12/12
  6120 | D:7      | Reached ***** piety under Trog
  7054 | D:8      | Found a burning altar of Makhleb.
  7201 | D:9      | Received a gift from Trog
  7406 | D:9      | Found a white marble altar of Elyvilon.
  7465 | D:9      | Noticed a green ugly thing
  7472 | D:9      | Killed a green ugly thing
  7567 | D:9      | Noticed Maurice
  7576 | D:9      | Killed Maurice
  7655 | D:9      | HP: 3/82 [slime creature (10)]
  7659 | D:9      | Annihilated by an enormous slime creature

Skill      XL: |  1  2  3  4  5  6  7  8  9 10 |
---------------+-------------------------------+-----
Stealth        | 1 2 3 4 6 7 |  7.0
Long Blades    | 3 4 5 |  5.7
Throwing       | 1 2 3 4 |  4.8
Fighting       | 3 4 5 6 7 |  7.6
Dodging        | 2 3 4 |  4.8
Armour         | 2 3 4 |  4.7
Shields        | 1 2 3 4 |  4.5
Evocations     | 1 2 3 |  3.4

Action                   |  1- 3 |  4- 6 |  7- 9 | 10-12 || total
-------------------------+-------+-------+-------+-------++-------
Melee: Falchion          |    95 |   160 |   245 |       ||   500
       Bite              |    28 |    53 |   141 |    53 ||   275
       Great sword       |       |       |    59 |   103 ||   162
       Long sword        |       |       |    11 |       ||    11
Throw: Stone             |       |     1 |       |       ||     1
       Tomahawk          |       |       |    13 |     7 ||    20
Invok: Berserk           |       |     2 |     6 |     2 ||    10
       Trog's Hand       |       |     1 |     3 |       ||     4
 Abil: Evoke Flight      |       |       |     1 |       ||     1
Evoke: Wand              |       |       |       |     1 ||     1
  Use: Scroll            |     3 |     5 |     8 |     4 ||    20
 Stab: Sleeping          |     4 |       |     2 |     9 ||    15
  Eat: Chunk             |     2 |     8 |    10 |     7 ||    27
       Ration            |       |       |     2 |       ||     2
Armor: Animal skin       |    17 |       |       |       ||    17
       Ring mail         |    36 |    65 |    13 |       ||   114
       Scale mail        |       |       |   162 |    42 ||   204
Dodge: Dodged            |    57 |   100 |   174 |    47 ||   378
Block: Buckler           |    14 |    24 |    60 |       ||    98
       Rpst.: Falchion   |    15 |    27 |    41 |       ||    83
       Great sword       |       |       |    14 |    21 ||    35
